 Dungeon Sprint DCSS version 0.24.0-123-gd5b16e6ec5 (webtiles) character file.

Game seed: 9821051616978249259, levelgen mode: deterministic

7 FessEmpty the Sneak (level 1, -1/9 HPs)
             Began as a Spriggan Enchanter on Jan 6, 2020.
             Slain by a centaur (10 damage)
             ... in the Dungeon (Sprint IX: "|||||||||||||||||||||||||||||").
             The game lasted 00:00:19 (21 turns).

FessEmpty the Sneak (Spriggan Enchanter)              Turns: 21, Time: 00:00:19

Health: -1/9       AC:  2    Str:  4    XL:     1   Next: 83%
Magic:  5/5        EV: 19    Int: 16    God:
Gold:   0          SH:  0    Dex: 16    Spells: 5/6 levels left

rFire    . . .     SeeInvis +   a - +1 dagger
rCold    . . .     Gourm    .   (shield restricted)
rNeg     . . .     Faith    .   b - +0 robe
rPois    .         Spirit   .   (helmet restricted)
rElec    .         Reflect  .   (no cloak)
rCorr    .         Harm     .   (gloves unavailable)
MR       .....     NoTele   +   (boots unavailable)
Stlth    +++.......             (no amulet)
HPRegen  0.03/turn              (no ring)
MPRegen  0.09/turn              (no ring)

@: very quick
A: very small, unfitting armour, see invisible, herbivore, speed 3, slow
metabolism 2
a: no special abilities


You were in the Dungeon.
You were not hungry.

You visited 1 branch

Inventory:

Hand Weapons
 a - a +1 dagger (weapon)
Armour
 b - a +0 robe (worn)
Scrolls
 j - a scroll of blinking
Potions
 e - a potion of curing
 f - a potion of heal wounds
 g - a potion of haste
 h - 2 potions of magic
 i - a potion of berserk rage
Comestibles
 d - a ration


   Skills:
 + Level 2.0 Short Blades
 + Level 3.8 Dodging
 + Level 5.1 Stealth
 + Level 3.3 Spellcasting
 + Level 4.2 Hexes


You had 5 spell levels left.
You knew the following spells:

 Your Spells              Type           Power        Failure   Level  Hunger
a - Corona                Hex            ###....      3%          1    None

Your spell library contained the following spells:

 Spells                   Type           Power        Failure   Level  Hunger
 Confuse                  Hex            ###.....     10%         3    ###....
 Tukima's Dance           Hex            ###.....     10%         3    ###....
 Ensorcelled Hibernation  Hex/Ice        #.....       12%         2    ##.....
 Dazzling Spray           Conj/Hex       #.....       22%         3    ###....


Dungeon Overview and Level Annotations

Branches:
Dungeon (1/1)

Altars:


Innate Abilities, Weirdness & Mutations

You are very small and have problems with some larger weapons.
You are too small for most types of armour.
You have supernaturally acute eyesight. (SInv)
You are a herbivore.
You cover ground extremely quickly.
You need to consume almost no food.


Message History

Welcome, FessEmpty the Spriggan Enchanter.
Press ? for a list of commands and other information.
Found a staircase leading out of the dungeon.
You open the door.
A rat, 2 hobgoblins, a kobold and a dart slug come into view.
There is an open door to the Dungeon here.
The helpless hobgoblin fails to defend itself.
You impale the hobgoblin!!
You kill the hobgoblin!
The helpless kobold fails to defend itself.
You impale the kobold!!
You kill the kobold!
Your Spellcasting skill increases to level 3!
You hit the rat.
You kill the rat!
Things that are here:
a cursed -2 short sword; a kobold corpse The helpless dart slug fails to defend itself.
You impale the dart slug!!
You kill the dart slug!
Your Stealth skill increases to level 5!
Your Hexes skill increases to level 4!
You see here a dart slug corpse.
The helpless hobgoblin fails to defend itself.
You impale the hobgoblin!!
You kill the hobgoblin!
Your Short Blades skill increases to level 2!
Okay, then.
You see here a hobgoblin corpse.
You open the door.
A leopard gecko, 2 orcs, a centaur and an ogre come into view.
An orc is wielding a +2 flail of crushing.
The orc shouts!
The ogre shouts!
The leopard gecko hisses angrily.
The centaur shouts!
You hit the centaur but do no damage. The centaur misses you.
Sorry, you're not good enough to have a special ability.
You hit the centaur but do no damage. The centaur closely misses you.
You hit the centaur.
The centaur is lightly wounded.
The centaur misses you. x2
You barely miss the centaur.
The centaur is lightly wounded.
The centaur closely misses you.
You hit the centaur.
The centaur is moderately wounded.
The centaur hits you but does no damage.
The centaur misses you.
You hit the centaur but do no damage.
The centaur is moderately wounded.
The centaur hits you!
Ouch! That really hurt!
You die...

▓+▓
▓.▓
▓o▓
▓l▓
▓O▓
▓o▓
▓c▓
▓@▓
▓†▓
▓.▓
▓)▓
▓.▓
▓'▓
▓.▓
▓.▓
▓.▓


You could see an ogre, a centaur, 2 orcs and a leopard gecko.

Vanquished Creatures
  A dart slug (D)
  2 hobgoblins (D)
  A kobold (D)
  A rat (D)
5 creatures vanquished.

Notes
Turn   | Place    | Note
-------+----------+-------------------------------------------
     0 | D        | FessEmpty the Spriggan Enchanter began the quest for the
                  | Orb.
     0 | D        | Reached XP level 1. HP: 9/9 MP: 5/5
    11 | D        | Reached skill level 5 in Stealth
    15 | D        | Noticed an ogre
    15 | D        | Noticed a centaur
    21 | D        | Slain by a centaur

Levels and vault maps discovered:
D:        linesprint [early_d, line_temple, items_1, d_10, items_2, lair_1,
          lair_end, items_3, orc_1, orc_end, items_4, d_15, swamp_1, shoals_1,
          snake_1, spider_1, d_20, vaults_1, items_5, swamp_end, shoals_end,
          snake_end, spider_end, vaults_end, d_27, items_6, zot_1, zot_end,
          crypt_end, forest_end, elf_end, slime_end, tomb_end, abyss_end,
          pan_hell_end]

Skill      XL: |  1 |
---------------+----+-----
Spellcasting   | 3 |  3.3
Stealth        | 5 |  5.1
Hexes          | 4 |  4.2
Short Blades   | 2 |  2.0
Dodging        | |  3.8

Action                   || total
-------------------------++-------
Melee: Dagger            ||    11
 Stab: Sleeping          ||     4
Armor: Robe              ||     1
Dodge: Dodged            ||     6
